 Dungeon Crawl Stone Soup version 0.27-a0-1319-geec4fb4e21 (webtiles) character file.

Game seed: 2440642237073395979

382 dickylongcocking the Insei (level 6, -6/38 HPs)
             Began as an Octopode Transmuter on June 21, 2021.
             Mangled by Edmund (18 damage)
             ... on level 4 of the Dungeon.
             The game lasted 00:02:16 (3284 turns).

dickylongcocking the Insei (Octopode Transmuter)    Turns: 3284, Time: 00:02:17

Health: -6/38      AC:  1    Str: 16    XL:     6   Next: 76%
Magic:  11/11      EV: 13    Int: 17    God:
Gold:   88         SH:  0    Dex: 12    Spells: 4/11 levels left

rFire    . . .     SeeInvis .     - Unarmed
rCold    . . .     Faith    .   (no shield)
rNeg     . . .     Spirit   .   (helmet restricted)
rPois    .         Reflect  .   b - amulet of regeneration
rElec    .         Harm     .   g - +6 ring of strength
rCorr    .         Rampage  .   (no ring)
Will     .....                  (no ring)
Stlth    +++.......             (no ring)
HPRegen  1.12/turn              (no ring)
MPRegen  0.12/turn              (no ring)
                                (no ring)
                                (no ring)

@: no status effects
A: almost no armour, amphibious, 8 rings, camouflage 1, gelatinous body 1,
(nimble swimmer 1), tentacles, sense surroundings 1
a: no special abilities


You were on level 4 of the Dungeon.
You visited 1 branch of the dungeon, and saw 4 of its levels.

You collected 88 gold pieces.

Inventory:

Jewellery
 b - an amulet of regeneration (around mantle)
 g - a +6 ring of strength (left tentacle)
 k - a +6 ring of dexterity
Wands
 h - a wand of polymorph (9)
Scrolls
 a - 5 scrolls of teleportation {unknown}
 c - 2 scrolls of holy word {unknown}
 d - a scroll of immolation {unknown}
 e - 3 scrolls of enchant armour {unknown}
 f - a scroll of noise {unknown}
 i - 4 scrolls of identify {unknown}
 l - a scroll of summoning {unknown}
 m - a scroll of vulnerability {unknown}
 n - a scroll of acquirement {unknown}
Potions
 j - a potion of lignification {unknown}


   Skills:
 + Level 1.2 Fighting
 + Level 2.7 Dodging
 + Level 3.4 Stealth
 + Level 4.5 Unarmed Combat
 + Level 3.3 Spellcasting
 + Level 3.8 Transmutations


You had 4 spell levels left.
You knew the following spells:

 Your Spells              Type           Power      Damage    Failure   Level
a - Beastly Appendage     Tmut           32%        N/A       3%          1
b - Wereblood             Tmut           16%        N/A       5%          2
c - Ice Form              Ice/Tmut       9%         N/A       58%         4

Your spell library contained the following spells:

 Spells                   Type           Power      Damage    Failure   Level
 Spider Form              Tmut/Pois      4%         N/A       22%         3


Dungeon Overview and Level Annotations

Branches:
Dungeon (4/15)
 Temple: D:4-7

Altars:

Annotations:
D:4 Edmund


Innate Abilities, Weirdness & Mutations

You cannot wear most types of armour.
You are amphibious.
You can wear up to eight rings at the same time.
Your skin changes colour to match your surroundings (Stealth+).
Your rubbery body absorbs attacks. (AC +1, EV +1)
((You are camouflaged near water. (Stealth+)))
You have tentacles for arms and can constrict up to eight enemies at once.
You passively map a small area around you.


Message History

Your Stealth skill increases to level 3!
Your transformation is almost over.
HP restored.
Magic restored.
Your tentacle spike disappears.
An adder comes into view.
An adder is nearby!
An adder is nearby!
Found 14 bolts.
An adder is nearby!
Found a stone staircase leading up.
The helpless adder fails to defend itself.
You tentacle-slap the adder. You grab the adder.
The adder is heavily wounded.
You constrict the adder. The adder closely misses you.
You bludgeon the adder!
You kill the adder!
You see here an adder corpse.
No target in view!
No target in view!
Edmund the Younger comes into view.
He is wielding a +6 dire flail of holy wrath and wearing a +1 scale mail of poison resistance.
Edmund shouts!
Found 14 gold pieces.
Found a fizzy blue potion.
Edmund is nearby!
Edmund is nearby!
You feel a little less mighty now.
Edmund hits you with a +6 dire flail of holy wrath!
Edmund is nearby!
You tentacle-slap Edmund but do no damage.
You grab Edmund. You constrict Edmund, but do no damage.
Edmund hits you with a +6 dire flail of holy wrath.
You tentacle-slap Edmund but do no damage.
You constrict Edmund.
Edmund hits you with a +6 dire flail of holy wrath!
* * * LOW HITPOINT WARNING * * *
You tentacle-slap Edmund but do no damage.
Edmund is lightly wounded.
You constrict Edmund.
Edmund hits you with a +6 dire flail of holy wrath!!
You die...

........## #.....#
* ...........#
##....#
...........##
##..## *
............## ##.#
, ......<......#
#.# ,
.............####.#
..!...........#...#
...........†......#
.......@.......####
*#.....@..(.....#
##.............#
##............# *
###........### *
##.....### *
###..## ...# * ,


You could see Edmund.

Vanquished Creatures
  A phantom (D:4)
  A scorpion (D:4)
  A jelly (D:4)
  An orc wizard (D:3)
  Terence (D:3)
  8 adders
  3 worms
  3 dart slugs
  4 orcs (D:3)
  6 ball pythons
  9 bats
  6 endoplasms
  5 giant cockroaches
  5 goblins
  10 hobgoblins
  2 jackals (D:1)
  2 quokkas
  3 frilled lizards (D:1)
  7 kobolds
  10 rats
88 creatures vanquished.

Vanquished Creatures (others)
  10 plants (D:3)
10 creatures vanquished.

Grand Total: 98 creatures vanquished

Notes
Turn   | Place    | Note
-------+----------+-------------------------------------------
     0 | D:1      | dickylongcocking the Octopode Transmuter began the quest
                  | for the Orb.
     0 | D:1      | Reached XP level 1. HP: 13/13 MP: 3/3
   439 | D:1      | Reached XP level 2. HP: 18/18 MP: 3/5
   879 | D:1      | Reached XP level 3. HP: 23/23 MP: 4/6
  1634 | D:2      | Reached XP level 4. HP: 28/28 MP: 5/7
  2033 | D:2      | Reached skill level 1 in Stealth
  2189 | D:3      | Reached XP level 5. HP: 18/33 MP: 7/9
  2369 | D:3      | Reached skill level 4 in Unarmed Combat
  2561 | D:3      | Found a faded altar of an unknown god.
  2602 | D:3      | Noticed Terence
  2609 | D:3      | Killed Terence
  2956 | D:4      | Reached XP level 6. HP: 36/38 MP: 10/10
  2992 | D:4      | Learned a level 2 spell: Wereblood
  2997 | D:4      | Learned a level 4 spell: Ice Form
  3032 | D:4      | Gained mutation: You passively map a small area around you.
                  | [potion of mutation]
  3278 | D:4      | Noticed Edmund
  3284 | D:4      | Mangled by Edmund

Illustrated notes

Levels and vault maps discovered:
D:1:      minmay_arrival_hallway, layout_loops_cross, serial_glass,
          glass_columns_b, glass_columns_a, glass_columns_a, due_unseen_surprise
D:2:      layout_loops_cross
D:3:      layout_basic, chequers_ecumenical_altar_simple_redux,
          serial_bayou_lagoon_a, kennysheep_generic_room_13, uniq_terence
D:4:      layout_cave_pods, brannock_xom_greatest_gift,
          minmay_fractal_squares_gapless_5, uniq_edmund

Skill      XL: |  1  2  3  4  5  6 |
---------------+-------------------+-----
Stealth        | 1 2 3 |  3.4
Transmutations | 3 |  3.8
Spellcasting   | 3 |  3.3
Unarmed Combat | 4 |  4.5
Fighting       | |  1.2
Dodging        | |  2.7

Action                   |  1- 3 |  4- 6 || total
-------------------------+-------+-------++-------
Melee: Unarmed           |   101 |    94 ||   195
       Tentacles         |    21 |    16 ||    37
       Constrict         |    25 |    30 ||    55
       Kick              |     9 |    17 ||    26
       Punch             |     1 |     3 ||     4
 Cast: Beastly Appendage |    33 |    20 ||    53
  Use: Potion            |       |     3 ||     3
 Stab: Sleeping          |     2 |    12 ||    14
Armor: Skin              |    16 |    10 ||    26
Dodge: Dodged            |    71 |    37 ||   108

Table legend: (Time is in decaauts)
 A = Elapsed time spent in this place.
 B = Non-inter-level travel time spent in this place.
 C = Inter-level travel time spent in this place.
 D = Time resting spent in this place.
 E = Time spent auto-exploring this place.
 F = Levels seen in this place.
 G = Mean time per level.
                   A        B        C        D        E       F      G
               +--------+--------+--------+--------+--------+-----+--------+
         Total |   3268 |   3219 |     49 |    152 |   2491 |   4 |  817.0 |
       Dungeon |   3268 |   3219 |     49 |    152 |   2491 |   4 |  817.0 |
               +--------+--------+--------+--------+--------+-----+--------+

Top non-repeatable levels by time:
     D:1: 1330 daAuts
     D:2: 823 daAuts
     D:3: 744 daAuts
     D:4: 370 daAuts
